TOP OF THE 1ST |
Johnson City Cardinals batting - Pitching for Missoula Osprey : LHP Cory Youngquist
|
Pitching: LHP Cory Youngquist
|
|
Batting: RHB Matt McGuire
|
0-0: Called Strike 0-1: DOUBLE (Groundball, 5L, EV 104.4 MPH)
|
Batting: LHB Pete Mitchell
|
0-0: Ball 1-0: Ball Wild Pitch! Matt McGuire to third 2-0: Ball 3-0: Called Strike 3-1: Foul Ball, location: 2F 3-2: Base on Balls
|
Batting: RHB Arnold Schuler
|
0-0: Called Strike 0-1: Foul Ball, location: 2F 0-2: SINGLE (Groundball, 34D, EV 98.1 MPH) Matt McGuire scores Pete Mitchell to second Runner from 2nd tries for 3rd, SAFE, throw by RF made to third
|
Batting: SHB Brad Meyer
|
0-0: Ball 1-0: SINGLE (Flyball, 4D, EV 98.8 MPH) Pete Mitchell scores Arnold Schuler to second
|
Batting: SHB J.T. Ready
|
0-0: Grounds into double play, 4-6-3 (Groundball, 4, EV 91.9 MPH) Arnold Schuler to third
|
Batting: RHB Dan Wages
|
0-0: Ball 1-0: Foul Ball, location: 2F 1-1: Ball 2-1: DOUBLE (Flyball, 8LXD, EV 99.4 MPH) Arnold Schuler scores
|
Batting: RHB Diego Herrera
|
0-0: Ball 1-0: Called Strike 1-1: Ball 2-1: Swinging Strike 2-2: Foul Ball, location: 2F 2-2: Strikes out swinging
|
Top of the 1st over - 3 runs, 4 hits, 0 errors, 1 left on base; Johnson City 3 - Missoula 0 |
BOTTOM OF THE 1ST |
Missoula Osprey batting - Pitching for Johnson City Cardinals : LHP Matt Rossiter
|
Pitching: LHP Matt Rossiter
|
|
Batting: RHB Isaiah Hampton
|
0-0: Swinging Strike 0-1: Ball 1-1: Ball 2-1: Foul Ball, location: 2F 2-2: Ground out 4-3 (Groundball, 4M, EV 91.9 MPH)
|
Batting: LHB Danny Salas
|
0-0: Ball 1-0: Ball 2-0: Called Strike 2-1: Ball 3-1: Fly out, F8 (Line Drive, 78M, EV 89.4 MPH)
|
Batting: RHB Jose Cuellar
|
0-0: Ball 1-0: Called Strike 1-1: Called Strike 1-2: Strikes out swinging
|
Bottom of the 1st over - 0 runs, 0 hits, 0 errors, 0 left on base; Johnson City 3 - Missoula 0 |
TOP OF THE 2ND |
Johnson City Cardinals batting - Pitching for Missoula Osprey : LHP Cory Youngquist
|
Batting: SHB Felipe Campanella
|
0-0: Ball 1-0: Ground out 6-3 (Groundball, 6, EV 106.2 MPH)
|
Batting: RHB Seung-kab Park
|
0-0: SOLO HOME RUN (Flyball, 78XD, EV 97.5 MPH), Distance : 387 ft
|
Batting: RHB Matt McGuire
|
0-0: Foul Ball, location: 2F 0-1: Swinging Strike 0-2: Ball 1-2: Strikes out swinging
|
Batting: LHB Pete Mitchell
|
0-0: Called Strike 0-1: Fly out, F8 (Line Drive, 8RD, EV 97.5 MPH)
|
Top of the 2nd over - 1 run, 1 hit, 0 errors, 0 left on base; Johnson City 4 - Missoula 0 |
BOTTOM OF THE 2ND |
Missoula Osprey batting - Pitching for Johnson City Cardinals : LHP Matt Rossiter
|
Batting: RHB David Powell
|
0-0: Called Strike 0-1: Swinging Strike 0-2: Ball 1-2: Strikes out swinging
|
Batting: LHB Angelo Lira
|
0-0: Ground out 5-3 (Groundball, 56, EV 83.8 MPH)
|
Batting: RHB Edwin Romero
|
0-0: Ground out 4-3 (Groundball, 34, EV 86.2 MPH)
|
Bottom of the 2nd over - 0 runs, 0 hits, 0 errors, 0 left on base; Johnson City 4 - Missoula 0 |
TOP OF THE 3RD |
Johnson City Cardinals batting - Pitching for Missoula Osprey : LHP Cory Youngquist
|
Batting: RHB Arnold Schuler
|
0-0: Called Strike 0-1: Foul Ball, location: 2F 0-2: Foul Ball, location: 2F 0-2: Ground out 6-3 (Groundball, 6, EV 82.5 MPH)
|
Batting: SHB Brad Meyer
|
0-0: Fly out, F9 (Flyball, 89M, EV 95.6 MPH)
|
Batting: SHB J.T. Ready
|
0-0: Called Strike 0-1: Ball 1-1: Ball 2-1: SINGLE (Groundball, 4S, EV 75.6 MPH) (infield hit)
|
Batting: RHB Dan Wages
|
0-0: Ball 1-0: Called Strike 1-1: Called Strike 1-2: Strikes out swinging
|
Top of the 3rd over - 0 runs, 1 hit, 0 errors, 1 left on base; Johnson City 4 - Missoula 0 |
BOTTOM OF THE 3RD |
Missoula Osprey batting - Pitching for Johnson City Cardinals : LHP Matt Rossiter
|
Batting: RHB Hyeok Shon
|
0-0: Ball 1-0: Ground out 6-3 (Groundball, P, EV 83.1 MPH)
|
Batting: RHB Hector Tabares
|
0-0: Swinging Strike 0-1: Ball 1-1: Called Strike 1-2: Ball 2-2: Strikes out swinging
|
Batting: LHB Adam Spence
|
0-0: Ball 1-0: Swinging Strike 1-1: SINGLE (Groundball, 4MD, EV 105.6 MPH)
|
Batting: RHB Isaiah Hampton
|
0-0: Called Strike 0-1: Fly out, F9 (Flyball, 89S, EV 88.8 MPH)
|
Bottom of the 3rd over - 0 runs, 1 hit, 0 errors, 1 left on base; Johnson City 4 - Missoula 0 |
TOP OF THE 4TH |
Johnson City Cardinals batting - Pitching for Missoula Osprey : LHP Cory Youngquist
|
Batting: RHB Diego Herrera
|
0-0: Called Strike 0-1: Ball 1-1: Swinging Strike 1-2: Foul Ball, location: 2F 1-2: Strikes out looking
|
Batting: SHB Felipe Campanella
|
0-0: Ball 1-0: Ball 2-0: Ball 3-0: Base on Balls
|
Batting: RHB Seung-kab Park
|
0-0: Ball 1-0: SINGLE (Groundball, 6, EV 96.2 MPH) Felipe Campanella to second
|
Batting: RHB Matt McGuire
|
0-0: Foul Ball, location: 2F 0-1: Called Strike 0-2: Foul Ball, location: 2F 0-2: Foul Ball, location: 2F 0-2: Ball 1-2: Foul Ball, location: 2F 1-2: Fielders Choice at 2nd, 5-4 (Groundball, 56, EV 85.0 MPH) Felipe Campanella to third
|
Batting: LHB Pete Mitchell
|
0-0: Called Strike 0-1: Ball 1-1: Ball 2-1: Called Strike 2-2: Ball 3-2: Base on Balls Matt McGuire to second
|
Batting: RHB Arnold Schuler
|
0-0: Ball 1-0: Foul Ball, location: 2F 1-1: Ball 2-1: Ball Wild Pitch! Felipe Campanella scores Matt McGuire to third Pete Mitchell to second 3-1: Swinging Strike 3-2: Ground out 4-3 (Groundball, 4, EV 90.0 MPH)
|
Top of the 4th over - 1 run, 1 hit, 0 errors, 2 left on base; Johnson City 5 - Missoula 0 |
BOTTOM OF THE 4TH |
Missoula Osprey batting - Pitching for Johnson City Cardinals : LHP Matt Rossiter
|
Batting: LHB Danny Salas
|
0-0: Ball 1-0: Ball 2-0: Swinging Strike 2-1: Foul Ball, location: 2F 2-2: Ground out 6-3 (Groundball, 6, EV 80.0 MPH)
|
Batting: RHB Jose Cuellar
|
0-0: Ball 1-0: Swinging Strike 1-1: Swinging Strike 1-2: Ball 2-2: Strikes out swinging
|
Batting: RHB David Powell
|
0-0: Ball 1-0: SINGLE (Groundball, 34D, EV 98.8 MPH)
|
Batting: LHB Angelo Lira
|
0-0: Called Strike 0-1: Ball 1-1: Fielders Choice at 2nd, 5-4 (Groundball, 5, EV 102.5 MPH)
|
Bottom of the 4th over - 0 runs, 1 hit, 0 errors, 1 left on base; Johnson City 5 - Missoula 0 |
TOP OF THE 5TH |
Johnson City Cardinals batting - Pitching for Missoula Osprey : LHP Cory Youngquist
|
DELAY
|
Rain delay of 35 minutes in the 5th inning.
|
Pitching: RHP Erik Stegenga
|
|
Batting: SHB Brad Meyer
|
0-0: Ground out 6-3 (Groundball, 6, EV 105.0 MPH)
|
Batting: SHB J.T. Ready
|
0-0: Called Strike 0-1: Swinging Strike 0-2: Ground out 6-3 (Groundball, 4M, EV 99.4 MPH)
|
Batting: RHB Dan Wages
|
0-0: Ground out 6-3 (Groundball, 6, EV 91.2 MPH)
|
Top of the 5th over - 0 runs, 0 hits, 0 errors, 0 left on base; Johnson City 5 - Missoula 0 |
BOTTOM OF THE 5TH |
Missoula Osprey batting - Pitching for Johnson City Cardinals : LHP Matt Rossiter
|
Batting: RHB Edwin Romero
|
0-0: Ball 1-0: Swinging Strike 1-1: Called Strike 1-2: SINGLE (Line Drive, 6D, EV 108.1 MPH)
|
Batting: RHB Hyeok Shon
|
0-0: Ball 1-0: SINGLE (Groundball, 4MD, EV 97.5 MPH) Edwin Romero to second
|
Batting: RHB Hector Tabares
|
0-0: Swinging Strike 0-1: Swinging Strike 0-2: Ball 1-2: Strikes out looking
|
Batting: LHB Adam Spence
|
0-0: Called Strike 0-1: Swinging Strike 0-2: Strikes out looking
|
Batting: RHB Isaiah Hampton
|
0-0: Ball 1-0: Foul Ball, location: 2F 1-1: Ground out 4-3 (Groundball, 4MD, EV 102.5 MPH)
|
Bottom of the 5th over - 0 runs, 2 hits, 0 errors, 2 left on base; Johnson City 5 - Missoula 0 |
TOP OF THE 6TH |
Johnson City Cardinals batting - Pitching for Missoula Osprey : RHP Erik Stegenga
|
Batting: RHB Diego Herrera
|
0-0: Called Strike 0-1: Ball 1-1: Called Strike 1-2: Fly out, F7 (Flyball, 7, EV 87.5 MPH)
|
Batting: SHB Felipe Campanella
|
0-0: Called Strike 0-1: Ball 1-1: Ground out 5-3 (Groundball, 56, EV 105.0 MPH)
|
Batting: RHB Seung-kab Park
|
0-0: Ball 1-0: Ball 2-0: Ground out 6-3 (Groundball, 6, EV 106.9 MPH)
|
Top of the 6th over - 0 runs, 0 hits, 0 errors, 0 left on base; Johnson City 5 - Missoula 0 |
BOTTOM OF THE 6TH |
Missoula Osprey batting - Pitching for Johnson City Cardinals : LHP Matt Rossiter
|
Batting: LHB Danny Salas
|
0-0: Ball 1-0: Called Strike 1-1: Called Strike 1-2: Strikes out swinging
|
Batting: RHB Jose Cuellar
|
0-0: Ball 1-0: Swinging Strike 1-1: Called Strike 1-2: Strikes out swinging
|
Batting: RHB David Powell
|
0-0: Fly out, F3 (Line Drive, 3L, EV 68.1 MPH)
|
Bottom of the 6th over - 0 runs, 0 hits, 0 errors, 0 left on base; Johnson City 5 - Missoula 0 |
TOP OF THE 7TH |
Johnson City Cardinals batting - Pitching for Missoula Osprey : RHP Erik Stegenga
|
Batting: RHB Matt McGuire
|
0-0: Ball 1-0: Swinging Strike 1-1: Ground out 5-3 (Groundball, 5, EV 86.2 MPH)
|
Batting: LHB Pete Mitchell
|
0-0: Ball 1-0: Swinging Strike 1-1: Called Strike 1-2: Ball 2-2: Strikes out swinging
|
Batting: RHB Arnold Schuler
|
0-0: Foul Ball, location: 2F 0-1: Foul Ball, location: 2F 0-2: Foul Ball, location: 2F 0-2: Ball 1-2: Ball 2-2: DOUBLE (Groundball, 5L, EV 105.0 MPH)
|
Batting: SHB Brad Meyer
|
0-0: Ball 1-0: Foul Ball, location: 2F 1-1: Foul Ball, location: 2F 1-2: Fly out, F5 (Popup, 56S, EV 82.5 MPH)
|
Top of the 7th over - 0 runs, 1 hit, 0 errors, 1 left on base; Johnson City 5 - Missoula 0 |
BOTTOM OF THE 7TH |
Missoula Osprey batting - Pitching for Johnson City Cardinals : LHP Matt Rossiter
|
Batting: LHB Angelo Lira
|
0-0: Ball 1-0: Ground out 4-3 (Groundball, 4, EV 88.1 MPH)
|
Batting: RHB Edwin Romero
|
0-0: SINGLE (Groundball, 25, EV 73.1 MPH) (infield hit)
|
Batting: RHB Hyeok Shon
|
0-0: Ball 1-0: Called Strike 1-1: Ball 2-1: Ball 3-1: Reached on error, E6 (Groundball, 6M, EV 86.9 MPH) Edwin Romero to second
|
Pitching: LHP Tim Dyer
|
|
Batting: RHB Hector Tabares
|
0-0: Ball 1-0: Called Strike 1-1: SINGLE (Groundball, 6D, EV 105.0 MPH) Edwin Romero to third Hyeok Shon to second
|
Batting: LHB Adam Spence
|
0-0: Ball Wild Pitch! Edwin Romero scores Hyeok Shon to third Hector Tabares to second 1-0: Swinging Strike 1-1: Called Strike 1-2: Hit by Pitch
|
Batting: RHB Isaiah Hampton
|
0-0: Ball 1-0: Ball 2-0: SINGLE (Groundball, 56D, EV 106.2 MPH) Hyeok Shon scores Hector Tabares to third Adam Spence to second Runner from 3rd tries for Home, SAFE, throw by LF to home
|
Pinch Hitting: RHB Claude Leduc
|
0-0: Called Strike 0-1: Foul Ball, location: 2F 0-2: Foul Ball, location: 2F 0-2: Ball 1-2: Foul Ball, location: 2F 1-2: Ball 2-2: Fly out, F6 (Line Drive, 6M, EV 72.5 MPH)
|
Batting: RHB Jose Cuellar
|
0-0: Ball 1-0: Foul Ball, location: 2F 1-1: Foul Ball, location: 2F 1-2: Foul Ball, location: 2F 1-2: Strikes out swinging
|
Bottom of the 7th over - 3 runs, 3 hits, 1 error, 2 left on base; Johnson City 5 - Missoula 3 |
TOP OF THE 8TH |
Johnson City Cardinals batting - Pitching for Missoula Osprey : RHP Erik Stegenga
|
Now in LF: Dave Beerman
|
|
Batting: SHB J.T. Ready
|
0-0: Ball 1-0: Ball 2-0: Ball 3-0: Called Strike 3-1: Fly out, F8 (Flyball, 8LXD, EV 86.9 MPH)
|
Batting: RHB Dan Wages
|
0-0: Ground out 6-3 (Groundball, 6, EV 82.5 MPH)
|
Batting: RHB Diego Herrera
|
0-0: Ball 1-0: Ball 2-0: Ball 3-0: Called Strike 3-1: Foul Ball, location: 2F 3-2: SINGLE (Groundball, 6MS, EV 75.6 MPH) (infield hit)
|
Pitching: RHP D.J. Bryant
|
|
Batting: SHB Felipe Campanella
|
0-0: Ball 1-0: Called Strike 1-1: Swinging Strike 1-2: Strikes out swinging
|
Top of the 8th over - 0 runs, 1 hit, 0 errors, 1 left on base; Johnson City 5 - Missoula 3 |
BOTTOM OF THE 8TH |
Missoula Osprey batting - Pitching for Johnson City Cardinals : LHP Tim Dyer
|
Batting: RHB David Powell
|
0-0: SINGLE (Groundball, 34D, EV 101.9 MPH)
|
Batting: LHB Angelo Lira
|
0-0: Swinging Strike 0-1: Fly out, F7 (Flyball, 7S, EV 96.2 MPH)
|
Batting: RHB Edwin Romero
|
0-0: Called Strike 0-1: Ball 1-1: Ball 2-1: SINGLE (Line Drive, 8RS, EV 108.1 MPH) David Powell to second
|
Pitching: RHP Ricky Enriquez
|
|
Pinch Hitting: LHB Falco van Koeveringe
|
0-0: Foul Ball, location: 2F 0-1: Ball 1-1: SINGLE (Line Drive, 8RS, EV 98.8 MPH) David Powell to third Edwin Romero to second
|
Pinch Hitting: LHB Jalen Williams
|
0-0: Ball 1-0: DOUBLE (Groundball, 5D, EV 101.2 MPH) David Powell scores Edwin Romero scores Falco van Koeveringe to third
|
Pinch Hitting: RHB Shing Mah
|
0-0: Ball 1-0: Called Strike 1-1: Swinging Strike 1-2: Strikes out looking
|
Pinch Hitting: LHB Nelson Pelico
|
0-0: Intentional Walk
|
Pinch Hitting: RHB Chris Jones
|
0-0: Ball 1-0: Ball 2-0: Foul Ball, location: 2F 2-1: Foul Ball, location: 2F 2-2: Fielders Choice at 2nd, 6-4 (Groundball, 6, EV 104.4 MPH)
|
Bottom of the 8th over - 2 runs, 4 hits, 0 errors, 3 left on base; Johnson City 5 - Missoula 5 |
TOP OF THE 9TH |
Johnson City Cardinals batting - Pitching for Missoula Osprey : RHP D.J. Bryant
|
Pitching: LHP Bobby Manning
|
|
Now at 1B: Chris Jones
|
|
Now at 2B: Edwin Romero
|
|
Now at 3B: Nelson Pelico
|
|
Now in LF: Falco van Koeveringe
|
|
Now in CF: Shing Mah
|
|
Now in RF: Jalen Williams
|
|
Batting: RHB Seung-kab Park
|
0-0: Foul Ball, location: 2F 0-1: Ball 1-1: Foul Ball, location: 2F 1-2: Ball 2-2: Strikes out swinging
|
Batting: RHB Matt McGuire
|
0-0: Ball 1-0: Ball 2-0: Swinging Strike 2-1: Called Strike 2-2: Ball 3-2: Base on Balls
|
Pinch Hitting: SHB Steve Langlois
|
0-0: Fly out, F8 (Flyball, 8LM, EV 96.9 MPH)
|
Batting: RHB Arnold Schuler
|
0-0: Fly out, F8 (Flyball, 8RD, EV 91.2 MPH)
|
Top of the 9th over - 0 runs, 0 hits, 0 errors, 1 left on base; Johnson City 5 - Missoula 5 |
BOTTOM OF THE 9TH |
Missoula Osprey batting - Pitching for Johnson City Cardinals : RHP Ricky Enriquez
|
Now in RF: Doug Nebel
|
|
Batting: RHB Jose Cuellar
|
0-0: Ball 1-0: Ball 2-0: Ball 3-0: Called Strike 3-1: Base on Balls
|
Batting: RHB David Powell
|
0-0: Ball 1-0: Swinging Strike 1-1: SINGLE (Flyball, 4MD, EV 92.5 MPH) Jose Cuellar to second
|
Batting: LHB Angelo Lira
|
0-0: Called Strike 0-1: Swinging Strike 0-2: Strikes out swinging
|
Batting: RHB Edwin Romero
|
0-0: Ball 1-0: Ball 2-0: Swinging Strike 2-1: Foul Ball, location: 2F 2-2: Ball 3-2: Strikes out swinging
|
Batting: LHB Falco van Koeveringe
|
0-0: Called Strike 0-1: Foul Ball, location: 2F 0-2: Ball 1-2: Ball 2-2: Ball 3-2: Fly out, F3 (Line Drive, 3L, EV 70.0 MPH)
|
Bottom of the 9th over - 0 runs, 1 hit, 0 errors, 2 left on base; Johnson City 5 - Missoula 5 |
TOP OF THE 10TH |
Johnson City Cardinals batting - Pitching for Missoula Osprey : LHP Bobby Manning
|
Batting: SHB Brad Meyer
|
0-0: Ball 1-0: Swinging Strike 1-1: Ground out 6-3 (Groundball, 6, EV 82.5 MPH)
|
Batting: SHB J.T. Ready
|
0-0: Called Strike 0-1: Foul Ball, location: 2F 0-2: Strikes out swinging
|
Batting: RHB Dan Wages
|
0-0: Swinging Strike 0-1: SINGLE (Line Drive, 89S, EV 108.8 MPH)
|
Batting: RHB Diego Herrera
|
0-0: Foul Ball, location: 2F 0-1: Fly out, F4 (Line Drive, 4, EV 66.2 MPH)
|
Top of the 10th over - 0 runs, 1 hit, 0 errors, 1 left on base; Johnson City 5 - Missoula 5 |
BOTTOM OF THE 10TH |
Missoula Osprey batting - Pitching for Johnson City Cardinals : RHP Ricky Enriquez
|
Pitching: RHP David Lopez
|
|
Batting: LHB Jalen Williams
|
0-0: Foul Ball, location: 2F 0-1: Ball 1-1: Foul Ball, location: 2F 1-2: Ball 2-2: Foul Ball, location: 2F 2-2: Strikes out looking
|
Batting: RHB Shing Mah
|
0-0: Called Strike 0-1: Swinging Strike 0-2: Ball 1-2: Ground out 4-3 (Groundball, 34D, EV 97.5 MPH)
|
Batting: LHB Nelson Pelico
|
0-0: Ball 1-0: Swinging Strike 1-1: Reached on error, E3 (Groundball, 34, EV 81.2 MPH)
|
Batting: RHB Chris Jones
|
0-0: Ball 1-0: Called Strike 1-1: Ball 2-1: Called Strike 2-2: Ball 3-2: Foul Ball, location: 2F 3-2: Strikes out swinging
|
Bottom of the 10th over - 0 runs, 0 hits, 1 error, 1 left on base; Johnson City 5 - Missoula 5 |
TOP OF THE 11TH |
Johnson City Cardinals batting - Pitching for Missoula Osprey : LHP Bobby Manning
|
Batting: SHB Felipe Campanella
|
0-0: Ball 1-0: Foul Ball, location: 2F 1-1: Ball 2-1: Called Strike 2-2: SINGLE (Groundball, 6MD, EV 86.9 MPH) (infield hit)
|
Batting: RHB Seung-kab Park
|
0-0: Ball 1-0: Swinging Strike 1-1: Ball 2-1: Ball 3-1: Swinging Strike 3-2: Base on Balls Felipe Campanella to second
|
Batting: RHB Matt McGuire
|
0-0: Ball 1-0: Swinging Strike 1-1: Called Strike 1-2: 3-RUN HOME RUN (Flyball, 7D, EV 95.0 MPH), Distance : 345 ft
|
Batting: LHB Doug Nebel
|
0-0: Ball 1-0: Ball 2-0: Ball 3-0: Base on Balls
|
Batting: RHB Arnold Schuler
|
0-0: Called Strike Pickoff Throw to First - Out! 1-3 CS 0-1: Fly out, F9 (Flyball, 89M, EV 83.8 MPH)
|
Batting: SHB Brad Meyer
|
0-0: Ball 1-0: Ball 2-0: Ball 3-0: Called Strike 3-1: Base on Balls
|
Pitching: LHP Carlos Alicea
|
|
Batting: SHB J.T. Ready
|
0-0: Ball 1-0: Ball 2-0: Ball 3-0: Called Strike 3-1: Swinging Strike 3-2: Foul Ball, location: 2F 3-2: Strikes out swinging
|
Top of the 11th over - 3 runs, 2 hits, 0 errors, 1 left on base; Johnson City 8 - Missoula 5 |
BOTTOM OF THE 11TH |
Missoula Osprey batting - Pitching for Johnson City Cardinals : RHP David Lopez
|
Batting: RHB Jose Cuellar
|
0-0: Called Strike 0-1: Ball 1-1: Foul Ball, location: 2F 1-2: Ball 2-2: Foul Ball, location: 2F 2-2: Strikes out looking
|
Batting: RHB David Powell
|
0-0: Foul Ball, location: 2F 0-1: Ball 1-1: Ball 2-1: DOUBLE (Groundball, 3L, EV 108.8 MPH)
|
Batting: LHB Angelo Lira
|
0-0: Ball 1-0: DOUBLE (Line Drive, 7LD, EV 101.9 MPH) David Powell scores
|
Batting: RHB Edwin Romero
|
0-0: Ball 1-0: Ball 2-0: Ball 3-0: Called Strike 3-1: Base on Balls
|
Batting: LHB Falco van Koeveringe
|
0-0: Ball 1-0: SINGLE (Line Drive, 9LS, EV 101.2 MPH) Angelo Lira to third Edwin Romero to second
|
Batting: LHB Jalen Williams
|
0-0: Ball 1-0: Ball 2-0: SINGLE (Groundball, 34D, EV 80.6 MPH) (infield hit) Angelo Lira scores Edwin Romero to third Falco van Koeveringe to second
|
Pitching: RHP Ryan Zart
|
|
Batting: RHB Shing Mah
|
0-0: Ball 1-0: Swinging Strike 1-1: Called Strike 1-2: Foul Ball, location: 2F 1-2: Foul Ball, location: 2F 1-2: Ball 2-2: Fly out, F4 (Popup, 4S, EV 78.1 MPH)
|
Batting: LHB Nelson Pelico
|
0-0: Ball 1-0: Called Strike 1-1: Ball 2-1: Swinging Strike 2-2: Strikes out swinging
|
Bottom of the 11th over - 2 runs, 4 hits, 0 errors, 3 left on base; Johnson City 8 - Missoula 7 |
|